Map: Hecate LE

Players

FoxeR - Winner!

  • Race: Terran Terran
  • Spawn Location: 1:00

Dolan

  • Race: Terran Terran
  • Spawn Location: 7:00

Event: ESL SC2 Masters 2023 Winter (Finals)

VOD

Have the link to the VOD?

Description

Time

  • Played on: Dec. 15, 2023, 10:55 a.m.
  • Length: 8:14

All games in this series

Show
View Real Time Build Order
Export as new Build Order

FoxeR Terran - Winner!

Build Orders: Cyclone Opening 

Get SALT Encoding   

  12  0:00  SCV  
  13  0:12  SCV  
  14  0:17  Supply Depot  
  14  0:24  SCV  
  15  0:38  SCV  
  15  0:39  Barracks  
  16  0:44  Refinery  
  16  0:50  SCV  
  16  0:52  Refinery  
  17  1:02  SCV  
  18  1:14  SCV  
  19  1:27  Orbital Command, Reaper  
  19  1:29  Supply Depot  
  20  1:41  Factory  
  20  1:52  SCV  
  21  1:59  Reaper  
  22  2:04  SCV  
  23  2:18  Command Center  
  23  2:20  SCV  
  24  2:26  Cyclone  
  26  2:32  SCV  
  27  2:37  Starport  
  27  2:42  Supply Depot  
  27  2:45  SCV  
  28  2:52  Barracks Reactor  
  28  2:59  SCV  
  28  3:01  Cyclone  
  31  3:15  Medivac  
  31  3:17  SCV  
  34  3:28  Refinery  
  34  3:29  SCV, Marine  
  34  3:30  Marine  
  34  3:33  Factory Tech Lab  
  38  3:35  Orbital Command  
  37  3:45  Starport Tech Lab  
  37  3:49  Marine x2  
  37  3:53  SCV  
  40  3:56  Siege Tank  
  40  4:00  SCV  
  44  4:05  SCV  
  44  4:06  Interference Matrix  
  45  4:13  SCV  
  46  4:19  Marine x2  
  46  4:22  Raven  
  50  4:27  SCV  
  50  4:29  SCV  
  50  4:35  Siege Tank  
  50  4:36  Command Center  
  53  4:40  Supply Depot, SCV  
  53  4:42  Supply Depot  
  54  5:01  Barracks  
  54  5:02  Raven, SCV x2  
  54  5:03  Barracks  
  58  5:09  Marine  
  58  5:10  Siege Tank  
  58  5:14  SCV, Supply Depot  
  63  5:15  SCV  
  64  5:26  SCV  
  64  5:28  SCV  
  67  5:38  SCV  
  67  5:40  SCV  
  68  5:43  Siege Tank, Engineering Bay  
  68  5:45  Engineering Bay  
  68  5:48  Stimpack, Starport Reactor  
  71  5:50  Orbital Command, SCV  
  71  5:53  Barracks Reactor  
  71  5:55  SCV  
  73  5:58  Refinery  
  73  6:01  Marine x2  
  73  6:02  SCV, Marine  
  77  6:07  SCV  
  77  6:08  Supply Depot  
  78  6:17  Orbital Command  
  78  6:18  SCV  
  79  6:19  SCV, Marine  
  79  6:21  Marine  
  79  6:22  Siege Tank  
  79  6:25  Medivac  
  88  6:26  Medivac  
  88  6:30  SCV  
  88  6:31  SCV  
  88  6:32  Supply Depot  
  91  6:33  Marine x3  
  91  6:37  Marine  
  91  6:39  Refinery  
  95  6:42  SCV  
  95  6:43  SCV x2  
  95  6:45  Marine  
  99  6:51  Marine x2, Refinery  
  99  6:52  Supply Depot  
  101  6:56  Marine x2, SCV  
  104  7:04  Medivac x2  
  104  7:05  Marine  
  104  7:07  SCV  
  104  7:08  SCV  
  109  7:10  Barracks  
  109  7:11  Barracks  
  109  7:14  SCV, Supply Depot  
  109  7:15  Marine, Supply Depot  
  111  7:19  SCV  
  111  7:21  Marine x2  
  114  7:24  SCV  
  114  7:25  Supply Depot  
  114  7:26  SCV  
  110  7:33  SCV  
  110  7:35  Marine  
  112  7:39  Marine x2  
  112  7:40  Marine  
  112  7:41  Medivac, Marine  
  118  7:53  Marine  
  114  8:13  Armory  
Show
View Real Time Build Order
Export as new Build Order

Dolan Terran 

Build Orders: Cyclone Opening 

Get SALT Encoding   

  12  0:01  SCV  
  13  0:13  SCV  
  14  0:16  Supply Depot  
  14  0:25  SCV  
  15  0:38  SCV  
  15  0:39  Barracks  
  15  0:42  Refinery  
  16  0:50  SCV  
  16  0:52  Refinery  
  17  1:02  SCV  
  18  1:14  SCV  
  19  1:26  Orbital Command, Reaper  
  19  1:28  Supply Depot  
  20  1:41  Factory  
  20  1:52  SCV  
  21  1:58  Reaper  
  22  2:04  SCV  
  23  2:16  SCV  
  24  2:27  Command Center  
  24  2:29  Cyclone  
  26  2:37  SCV  
  26  2:38  Barracks Reactor  
  27  2:49  Starport  
  27  2:50  SCV  
  28  2:52  Supply Depot  
  28  3:02  SCV  
  29  3:14  SCV  
  29  3:19  Cyclone  
  34  3:20  Cyclone  
  34  3:23  Refinery  
  34  3:27  Barracks Tech Lab  
  34  3:30  SCV  
  34  3:32  Starport Tech Lab  
  35  3:38  Orbital Command  
  35  3:42  SCV  
  36  3:52  Cyclone x2  
  36  3:54  Raven, SCV  
  43  4:00  Supply Depot  
  43  4:05  SCV  
  43  4:06  SCV  
  43  4:08  Interference Matrix  
  42  4:23  SCV x2  
  41  4:35  SCV x2  
  41  4:36  Raven  
  45  4:45  Siege Tank, Marine x2  
  49  4:52  SCV x2  
  52  4:57  Command Center  
  52  5:04  SCV x2  
  53  5:18  SCV x2  
  53  5:20  Barracks, Siege Tank  
  58  5:21  Barracks, Starport Reactor  
  58  5:27  Stimpack  
  59  5:31  SCV x2  
  61  5:37  Supply Depot  
  60  5:43  SCV  
  60  5:44  SCV  
  62  5:54  Engineering Bay  
  62  5:55  Engineering Bay  
  62  5:58  SCV x2  
  62  5:59  Supply Depot  
  62  6:03  Siege Tank  
  67  6:10  Starport Reactor  
  67  6:11  Orbital Command  
  67  6:12  SCV x2  
  67  6:17  Refinery  
  69  6:23  Marine  
  69  6:24  Marine x4  
  74  6:35  Siege Tank  
  74  6:36  SCV x2  
  79  6:45  Orbital Command  
  79  6:49  Marine x5  
  79  6:51  SCV x2  
  85  7:06  SCV x2  
  85  7:07  Marine x5  
  92  7:21  SCV  
  93  7:25  Supply Depot x2  
  93  7:34  Supply Depot  
  93  7:35  Supply Depot  
  93  7:38  Armory  
  93  7:40  Barracks  
  93  7:41  Barracks  
  93  7:44  SCV x3  
  98  7:56  SCV x3  
Tags
 
Add a new tag
Caveats
  • Supply blocks, unpowered buildings, or Contaminate may cause inaccurate times.
  • Supply counts are checked every 10 seconds.